 Dungeon Crawl Stone Soup version 0.30.0-5-g1a98f26d00 (webtiles) character file.

Game seed: 12274405063095046073

3651 Woods the Martial Artist (level 10, -2/76 HPs)
             Began as a Gnoll Transmuter on May 11, 2023.
             Was an Elder of Cheibriados.
             Killed from afar by Erica (45 damage)
             ... with a bolt of poison
             ... on level 8 of the Dungeon.
             The game lasted 00:19:14 (7529 turns).

Woods the Martial Artist (Gnoll Transmuter)         Turns: 7529, Time: 00:19:20

Health: -2/76      AC:  2    Str: 18    XL:     10   Next: 12%
Magic:  12/20      EV: 28    Int: 31    God:    Cheibriados [****..]
Gold:   203        SH:  0    Dex: 28    Spells: 10/23 levels left

rFire   . . .        E - melded +6 mace of Moral Flaws {venom, rN+}
rCold   . . .        (shield currently unavailable)
rNeg    . . .        a - melded +0 robe
rPois   x            (helmet currently unavailable)
rElec   .            (cloak currently unavailable)
rCorr   .            d - melded +0 pair of gloves
SInv    +            F - melded +0 pair of boots
Will    .....        k - amulet of regeneration
Stlth   ++++         j - ring of see invisible
HPRegen 1.12/turn    m - +6 ring of intelligence
MPRegen 0.17/turn

%: no passive effects
@: lethally poisoned (-2 -> -22), spider-form, very slightly contaminated, very
slow
A: venomous fangs, tiny, (fangs 1), strong nose, distributed training
a: End Transformation, Renounce Religion, Bend Time, Temporal Distortion, Slouch


You were on level 8 of the Dungeon.
You worshipped Cheibriados.
Cheibriados was greatly pleased with you.
You were a venomous arachnid creature.
You visited 2 branches of the dungeon, and saw 9 of its levels.
You also visited: Ossuary.

You collected 561 gold pieces.
You spent 358 gold pieces at shops.

Inventory:

Hand Weapons
 p - a +1 short sword of venom
 E - the +6 mace of Moral Flaws (melded) {venom, rN+}
   (You found it on level 7 of the Dungeon)

   rN:        It protects you from negative energy.
Armour
 a - a +0 robe (melded)
 d - a +0 pair of gloves (melded)
 h - a +0 chain mail
 F - a +0 pair of boots (melded)
Jewellery
 j - a ring of see invisible (left front pincers)
 k - an amulet of regeneration (around neck)
 m - a +6 ring of intelligence (right front pincers)
 v - a +6 ring of strength
Wands
 t - a wand of acid (7)
Scrolls
 c - 4 scrolls of identify
 f - 6 scrolls of enchant armour
 g - 3 scrolls of vulnerability
 l - 2 scrolls of butterflies
 n - a scroll of torment {unknown}
 r - a scroll of amnesia {unknown}
 u - 6 scrolls of teleportation
 w - a scroll of blinking {unknown}
 y - a scroll of magic mapping {unknown}
 z - a scroll of silence {unknown}
 A - 2 scrolls of fog
 G - a scroll of fear {unknown}
Potions
 b - 4 potions of lignification
 e - 3 potions of heal wounds
 i - 3 potions of might
 o - a potion of attraction {unknown}
 q - 5 potions of curing
 s - 2 potions of brilliance {unknown}
 x - a potion of mutation {unknown}
 B - a potion of invisibility {unknown}
 C - 2 potions of haste {unknown}
 D - a potion of ambrosia {unknown}
 H - a potion of magic {unknown}


   Skills:
 + Level 5.8 Fighting
 + Level 5.1 Short Blades
 + Level 5.1 Long Blades
 + Level 5.1 Axes
 + Level 5.1 Maces & Flails
 + Level 5.1 Polearms
 + Level 5.1 Staves
 + Level 5.1 Ranged Weapons
 + Level 5.1 Throwing
 + Level 5.1 Armour
 + Level 7.0 Dodging
 + Level 5.1 Stealth
 + Level 5.1 Shields
 + Level 8.4 Unarmed Combat
 + Level 7.3 Spellcasting
 + Level 4.2 Conjurations
 + Level 4.2 Hexes
 + Level 4.2 Summonings
 + Level 4.2 Necromancy
 + Level 4.2 Translocations
 + Level 5.8 Transmutations
 + Level 4.2 Fire Magic
 + Level 4.2 Ice Magic
 + Level 4.2 Air Magic
 + Level 4.2 Earth Magic
 + Level 4.2 Poison Magic
 + Level 5.6 Invocations
 + Level 5.1 Evocations


You had 10 spell levels left.
You knew the following spells:

 Your Spells              Type           Power      Damage    Failure   Level
a - Beastly Appendage     Tmut           94%        N/A       3%          1
b - Wereblood             Tmut           47%        N/A       4%          2
c - Spider Form           Tmut/Pois      42%        N/A       7%          3
d - Ignite Poison         Fire/Tmut/Pois 41%        N/A       8%          3
e - Ice Form              Ice/Tmut       42%        N/A       16%         4

Your spell library contained the following spells:

 Spells                   Type           Power      Damage    Failure   Level
 Blink                    Tloc           74%        N/A       5%          2
 Cigotuvi's Dreadful Rot  Necr/Pois/Air  74%        N/A       5%          2
 Lesser Beckoning         Tloc           74%        N/A       5%          2
 Momentum Strike          Conj/Tloc      74%        3d10      5%          2
 Leda's Liquefaction      Hex/Erth       18%        N/A       21%         4
 Freezing Cloud           Conj/Ice/Air   18%        6-21      41%         5
 Lee's Rapid Deconstruct  Erth           18%        3d11*     41%         5
 Statue Form              Tmut/Erth      28%        N/A       82%         6


Dungeon Overview and Level Annotations

Branches:
Dungeon (8/15)             Temple (1/1) D:4         Ossuary (visited)
   Lair: D:8-11

Altars:
Ashenzari
Cheibriados
Dithmenos
Elyvilon
Fedhas
Gozag
Hepliaklqana
Kikubaaqudgha
Makhleb
Nemelex Xobeh
Qazlal
Ru
Sif Muna
Uskayaw
Vehumet
Wu Jian
Xom

Shops:
D:3 =[*   D:4 =([   D:6 ?   D:7 ((*

Annotations:
D:7 Joseph
D:8 Erica


Innate Abilities, Weirdness & Mutations

You are a venomous arachnid creature.
You have venomous fangs.
You are tiny and dextrous.
Your spellcasting is less reliable in this form.
Your armour is entirely melded.
You are incapable of wielding weapons or throwing items.
((You have very sharp teeth.))
Your uncanny sense of smell can sniff out nearby items.
Your experience applies equally to all skills.


Message History

You bite Erica!
Erica is lightly wounded.
Erica completely misses you.
You bite Erica!
Erica is moderately wounded.
Erica says, "Fast and perfect.
Such is my way of killing."
Erica hits you with a +3 scimitar of flaming.
Erica burns you.
You hit Erica but do no damage.
Erica is poisoned.
Erica is moderately wounded.
Erica hits you with a +3 scimitar of flaming!
Erica burns you.
You bite Erica!
Erica is heavily wounded.
Erica closely misses you.
You bite Erica!
Erica is heavily wounded.
Casting: Spider Form (dangerous; 7% risk of failure)
Confirm with . or Enter, or press ? or * to list all spells.
You miscast Ignite Poison.
You are very lightly contaminated with residual magic.
Nothing appears to happen.
Erica mumbles some strange words.
Erica flickers and vanishes for a moment.
Casting: Ignite Poison (dangerous; 8% risk of failure)
Confirm with . or Enter, or press ? or * to list all spells.
You miscast Ignite Poison.
Nothing appears to happen.
Erica completely misses you.
Unknown command.
You hit Erica but do no damage.
Erica is severely wounded.
Erica hits you with a +3 scimitar of flaming!
Erica burns you!
You closely miss Erica.
Erica is severely wounded.
Erica gestures at you while chanting. The bolt of poison hits you!!!
You are poisoned.
Ouch! That really hurt!
You die...

........ ........#)#..
#......# ..........###
#......#.......#.#....
#......#...... #.#.###
#......#.......#.#.#
###......+.#+##..#.#.#
.........#.#.....#.#.#
.....^@).#.#.#...#.#.#
...####s##.#........<#
#)##.#...###..###
#.##.#.## ##....#
#.......###...#.##
####.#.##..#.........
.....#.....#.#.#._.#.
###....#..#.#.......
####.>.)..#.....##
#...####...####


You could see Erica (invisible, poisoned).

Vanquished Creatures
  Pikel (D:7)
  Psyche (D:8)
  Sigmund (D:2)
  A wyvern (D:8)
  Menkaure (D:5)
  A steam dragon (D:8)
  A water moccasin (D:7)
  Duvessa (D:7)
  An ice beast (D:6)
  A black bear (D:5)
  2 sky beasts (D:7)
  3 ogres
  A centaur (D:6)
  2 phantoms
  2 kobold brigands
  3 lemures (D:7)
  A bullfrog (D:7)
  A scorpion (D:5)
  3 wights (D:8)
  Dowan (D:7)
  An electric eel (D:7)
  A jelly (D:5)
  2 hounds (D:5)
  4 orc priests
  A gnoll bouda (D:6)
  7 iguanas
  5 orc wizards
  4 mummies
  6 gnolls
  5 adders
  2 shadow imps
  A white imp (D:6)
  An ufetubus (D:6)
  4 adder zombies (Ossuary)
  A dart slug (D:2)
  22 orcs
  7 bats
  11 endoplasms
  2 giant cockroaches
  5 goblins
  8 hobgoblins
  4 jackals
  16 kobolds
  6 quokkas
  5 ball pythons
  4 frilled lizards
  2 goblin zombies (Ossuary)
  4 hobgoblin zombies (Ossuary)
  2 kobold zombies (Ossuary)
  4 quokka zombies (Ossuary)
  3 rats
  2 rat zombies (Ossuary)
181 creatures vanquished.

Notes
Turn   | Place    | Note
-------+----------+-------------------------------------------
     0 | D:1      | Woods the Gnoll Transmuter began the quest for the Orb.
     0 | D:1      | Reached XP level 1. HP: 17/17 MP: 6/6
   120 | D:1      | Reached XP level 2. HP: 23/23 MP: 5/7
   192 | D:1      | Learned a level 2 spell: Wereblood
   622 | D:1      | Reached skill level 5 in Spellcasting
   622 | D:1      | Reached XP level 3. HP: 27/28 MP: 6/9
   680 | D:1      | Reached skill level 1 in Invocations
  1108 | D:2      | Reached skill level 1 in Short Blades
  1108 | D:2      | Reached skill level 1 in Long Blades
  1108 | D:2      | Reached skill level 1 in Axes
  1108 | D:2      | Reached skill level 1 in Maces & Flails
  1108 | D:2      | Reached skill level 1 in Polearms
  1108 | D:2      | Reached skill level 1 in Staves
  1108 | D:2      | Reached skill level 1 in Ranged Weapons
  1108 | D:2      | Reached skill level 1 in Throwing
  1108 | D:2      | Reached skill level 1 in Armour
  1108 | D:2      | Reached skill level 1 in Stealth
  1108 | D:2      | Reached skill level 1 in Shields
  1108 | D:2      | Reached skill level 1 in Evocations
  1239 | D:2      | Reached XP level 4. HP: 24/34 MP: 11/11
  1297 | D:2      | Noticed Sigmund
  1365 | D:2      | Killed Sigmund
  1366 | D:2      | Reached skill level 1 in Conjurations
  1366 | D:2      | Reached skill level 1 in Hexes
  1366 | D:2      | Reached skill level 1 in Summonings
  1366 | D:2      | Reached skill level 1 in Necromancy
  1366 | D:2      | Reached skill level 1 in Translocations
  1366 | D:2      | Reached skill level 1 in Fire Magic
  1366 | D:2      | Reached skill level 1 in Ice Magic
  1366 | D:2      | Reached skill level 1 in Air Magic
  1366 | D:2      | Reached skill level 1 in Earth Magic
  1366 | D:2      | Reached skill level 1 in Poison Magic
  1366 | D:2      | Reached XP level 5. HP: 41/41 MP: 12/12
  1366 | D:2      | Reached XP level 6. HP: 47/47 MP: 14/14
  1461 | D:2      | Learned a level 3 spell: Spider Form
  1465 | D:2      | Learned a level 3 spell: Ignite Poison
  1740 | D:2      | Reached skill level 5 in Dodging
  1904 | D:3      | Found Gaxoitre's Jewellery Shop.
  1944 | D:3      | Found Noetoun's Armour Shop.
  1951 | D:3      | Found Duzuhuc's Assorted Antiques.
  2899 | D:4      | Found Peb Cod's Antique Weapon Emporium.
  2961 | D:4      | Identified the +0 ring mail of Siwoh {rPois}
  3087 | D:4      | Found a staircase to the Ecumenical Temple.
  3131 | Temple   | Entered the Ecumenical Temple
  3215 | Temple   | Became a worshipper of Cheibriados the Contemplative
  3615 | D:4      | Found Agarucai's Antique Armour Boutique.
  3801 | D:4      | Found Xeapp's Jewellery Shoppe.
  4100 | D:5      | Entered Level 5 of the Dungeon
  4100 | D:5      | Found a hazy altar of Hepliaklqana.
  4115 | D:5      | Reached skill level 7 in Unarmed Combat
  4115 | D:5      | Reached XP level 7. HP: 52/52 MP: 12/15
  4131 | D:5      | Noticed Menkaure
  4138 | D:5      | Killed Menkaure
  4206 | D:5      | Found a blossoming altar of Fedhas.
  4393 | D:5      | Reached * piety under Cheibriados
  4459 | D:5      | Reached XP level 8. HP: 50/60 MP: 7/16
  5511 | D:5      | Learned a level 4 spell: Ice Form
  5557 | D:6      | Reached ** piety under Cheibriados
  5558 | D:6      | Reached skill level 5 in Transmutations
  5631 | D:6      | Reached XP level 9. HP: 55/66 MP: 14/18
  5845 | D:6      | Found an ancient bone altar of Kikubaaqudgha.
  5929 | D:6      | Found a burning altar of Makhleb.
  5935 | D:6      | Found a shimmering blue altar of Sif Muna.
  5999 | D:6      | Found Fetim Soj's Magic Scroll Shop.
  6003 | D:6      | Bought a scroll of identify for 28 gold pieces
  6003 | D:6      | Bought a scroll of identify for 28 gold pieces
  6003 | D:6      | Bought a scroll of teleportation for 42 gold pieces
  6003 | D:6      | Bought a scroll of identify for 28 gold pieces
  6216 | D:7      | Found Batwio's Antique Weapon Shop.
  6216 | D:7      | Noticed Duvessa
  6236 | D:7      | Noticed Joseph
  6241 | D:7      | Noticed Pikel
  6256 | D:7      | Killed Pikel
  6257 | D:7      | Reached skill level 5 in Fighting
  6257 | D:7      | Reached skill level 8 in Unarmed Combat
  6262 | D:7      | Found a sand-covered staircase.
  6277 | Ossuary  | Entered an ossuary
  6393 | Ossuary  | Reached *** piety under Cheibriados
  6680 | D:7      | Reached skill level 5 in Invocations
  6716 | D:7      | Found Xeamer's Weapon Boutique.
  6746 | D:7      | Noticed Dowan
  6749 | D:7      | Found a sacrificial altar of Ru.
  6750 | D:7      | Killed Duvessa
  6751 | D:7      | Killed Dowan
  6851 | D:7      | Identified the +6 mace of Moral Flaws {venom, rN+}
  6868 | D:7      | Found Vichikku's General Store.
  6876 | D:7      | Bought a potion of curing for 45 gold pieces
  6876 | D:7      | Bought a potion of curing for 45 gold pieces
  6876 | D:7      | Bought a potion of heal wounds for 75 gold pieces
  6876 | D:7      | Bought a +0 pair of boots for 67 gold pieces
  7408 | D:8      | Found a shimmering altar of Xom.
  7479 | D:8      | Reached skill level 5 in Short Blades
  7479 | D:8      | Reached skill level 5 in Long Blades
  7479 | D:8      | Reached skill level 5 in Axes
  7479 | D:8      | Reached skill level 5 in Maces & Flails
  7479 | D:8      | Reached skill level 5 in Polearms
  7479 | D:8      | Reached skill level 5 in Staves
  7479 | D:8      | Reached skill level 5 in Ranged Weapons
  7479 | D:8      | Reached skill level 5 in Throwing
  7479 | D:8      | Reached skill level 5 in Armour
  7479 | D:8      | Reached skill level 5 in Stealth
  7479 | D:8      | Reached skill level 5 in Shields
  7479 | D:8      | Reached skill level 5 in Evocations
  7479 | D:8      | Reached XP level 10. HP: 70/76 MP: 17/20
  7492 | D:8      | Reached **** piety under Cheibriados
  7506 | D:8      | Noticed Psyche
  7512 | D:8      | Killed Psyche
  7513 | D:8      | Noticed Erica
  7529 | D:8      | Killed from afar by Erica

Illustrated notes

Levels and vault maps discovered:
D:1:      lightli_iron_boxes, layout_loops_corners, dreamdust_mushroom_princess
D:2:      layout_basic, minmay_vboxes, uniq_sigmund
D:3:      layout_loops_corners, serial_shops, nicolae_shop_overgrown_old_shop,
          nicolae_shop_advertising_works [nicolae_subvault_shop_adworks], shop
D:4:      layout_basic, minmay_temple_entry_sparse_star, serial_shops, shop,
          shop, nicolae_inconvenience_store
D:5:      layout_basic, mainiacjoe_overflow_catwalk_spiral, serial_bayou_lake_a,
          uniq_menkaure
D:6:      layout_basic, lemuel_tele_altar, mainiacjoe_overflow_big_doors,
          serial_shops, nicolae_shop_back_alley_shop
D:7:      layout_cave_pools, nicolae_ru_great_annihilating_truth, zin_treasury,
          gup_ossuary_entry_pyramid, serial_shops, shop, shop_fountains, shop,
          water_maze_lemuel, uniq_joseph, uniq_pikel, uniq_duvessa
D:8:      layout_basic, grunt_temple_overflow_holy_war,
          mainiacjoe_overflow_tiny_flanked, gammafunk_ghost_necromancy,
          uniq_erica, uniq_grum, uniq_psyche
Temple:   eino_temple_lava

Skill      XL: |  1  2  3  4  5  6  7  8  9 10 |
---------------+-------------------------------+-----
Spellcasting   | 5 6 7 |  7.3
Invocations    | 1 2 3 4 5 |  5.6
Short Blades   | 1 2 3 5 |  5.1
Long Blades    | 1 2 3 5 |  5.1
Axes           | 1 2 3 5 |  5.1
Maces & Flails | 1 2 3 5 |  5.1
Polearms       | 1 2 3 5 |  5.1
Staves         | 1 2 3 5 |  5.1
Ranged Weapons | 1 2 3 5 |  5.1
Throwing       | 1 2 3 5 |  5.1
Armour         | 1 2 3 5 |  5.1
Stealth        | 1 2 3 5 |  5.1
Shields        | 1 2 3 5 |  5.1
Evocations     | 1 2 3 5 |  5.1
Fighting       | 3 4 5 |  5.8
Conjurations   | 1 2 3 4 |  4.2
Hexes          | 1 2 3 4 |  4.2
Summonings     | 1 2 3 4 |  4.2
Necromancy     | 1 2 3 4 |  4.2
Translocations | 1 2 3 4 |  4.2
Transmutations | 4 5 |  5.8
Fire Magic     | 1 2 3 4 |  4.2
Ice Magic      | 1 2 3 4 |  4.2
Air Magic      | 1 2 3 4 |  4.2
Earth Magic    | 1 2 3 4 |  4.2
Poison Magic   | 1 2 3 4 |  4.2
Dodging        | 5 6 7 |  7.0
Unarmed Combat | 7 8 |  8.4

Action                     |  1- 3 |  4- 6 |  7- 9 | 10-12 || total
---------------------------+-------+-------+-------+-------++-------
  Melee: Unarmed           |    78 |   102 |   286 |    16 ||   482
         Headbutt          |    12 |     6 |       |       ||    18
         Kick              |     9 |    14 |       |       ||    23
         Bite              |     4 |     5 |       |       ||     9
         Punch             |       |     2 |       |       ||     2
   Cast: Beastly Appendage |    19 |    15 |       |       ||    34
         Spider Form       |       |     4 |    33 |     2 ||    39
         Ignite Poison     |       |     1 |     7 |       ||     8
         Ice Form          |       |       |    14 |       ||    14
Ability: End Transformatio |       |       |     5 |       ||     5
    Use: Potion            |       |     2 |       |       ||     2
         Scroll            |       |       |     8 |       ||     8
   Stab: Sleeping          |       |     4 |     3 |       ||     7
         Paralysed         |       |       |     1 |       ||     1
 Armour: Robe              |    16 |    15 |       |       ||    31
         Skin              |       |    24 |    20 |       ||    44
  Dodge: Dodged            |    38 |    53 |   234 |    11 ||   336
